 Dungeon Crawl Stone Soup version 0.28-a0-664-gc179e30c89 (webtiles) character file.

Game seed: 2168984997884481620

357 mordus the Shield-Bearer (level 6, -1/47 HPs)
             Began as a Formicid Fighter on Oct 15, 2021.
             Succumbed to a scorpion's poison
             ... on level 5 of the Dungeon.
             The game lasted 00:05:37 (4825 turns).

mordus the Shield-Bearer (Formicid Fighter)         Turns: 4825, Time: 00:05:38

Health: -1/47      AC:  8    Str: 22    XL:     6   Next: 96%
Magic:  6/6        EV:  9    Int:  8    God:
Gold:   249        SH:  5    Dex: 16    Spells: 5/5 levels left

rFire   . . .      SeeInvis +   a - +0 flail
rCold   . . .      Faith    .   c - +0 buckler
rNeg    + . .      Spirit   .   b - +0 scale mail
rPois   .          Reflect  .   (helmet unavailable)
rElec   .          Harm     .   g - +0 cloak
rCorr   .          Rampage  .   (no gloves)
Will    .....                   (no boots)
Stlth   ..........              (no amulet)
HPRegen 0.15/turn               l - ring of positive energy
MPRegen 0.10/turn               p - +6 ring of dexterity

@: lethally poisoned (-1 -> -11)
A: permanent stasis, dig shafts and tunnels, antennae 3, four strong arms
a: Dig, Shaft Self


You were on level 5 of the Dungeon.
You visited 1 branch of the dungeon, and saw 5 of its levels.

You collected 249 gold pieces.

Inventory:

Hand Weapons
 a - a +0 flail (weapon)
Armour
 b - a +0 scale mail (worn)
 c - a +0 buckler (worn)
 g - a +0 cloak (worn)
Jewellery
 l - a ring of positive energy (left hand)
 p - a +6 ring of dexterity (right hand)
 t - an amulet of reflection
Scrolls
 f - 2 scrolls of teleportation {unknown}
 i - a scroll of enchant weapon {unknown}
 k - 10 scrolls of identify {unknown}
 n - a scroll of vulnerability {unknown}
 o - a scroll of enchant armour {unknown}
 q - 2 scrolls of blinking {unknown}
 u - 2 scrolls of amnesia {unknown}
Potions
 d - 3 potions of might
 e - a potion of curing {unknown}
 h - a potion of mutation {unknown}
 j - 2 potions of lignification {unknown}
 m - a potion of degeneration {unknown}
 r - 2 potions of haste {unknown}
 s - a potion of flight {unknown}
 v - a potion of invisibility {unknown}


   Skills:
 - Level 3.2 Fighting
 * Level 5.0 Maces & Flails
 + Level 4.8 Armour
 + Level 5.3 Shields


You had 5 spell levels left.
You didn't know any spells.
Your spell library was empty.

Dungeon Overview and Level Annotations

Branches:
Dungeon (5/15)
 Temple: D:4-7

Altars:

Shops:
D:5 *


Innate Abilities, Weirdness & Mutations

You cannot be hasted, slowed, berserked, paralysed or teleported.
You can dig through walls and to a lower floor.
You have a pair of large antennae on your head. (SInv)
Your four strong arms can wield two-handed weapons with a shield.


Message History

A scorpion is nearby!
A scorpion is nearby!
You closely miss the scorpion.
The scorpion is heavily wounded.
You feel sick.
You are no longer poisoned.
The scorpion barely misses you.
You barely miss the scorpion.
The scorpion is heavily wounded.
The scorpion stings you.
You closely miss the scorpion.
The scorpion is heavily wounded.
You block the scorpion's attack. The scorpion stings you.
You are poisoned.
The scorpion poisons you!
You hit the scorpion but do no damage.
The scorpion is heavily wounded.
You feel very sick. The scorpion stings you.
You are lethally poisoned!
The scorpion poisons you!
You hit the scorpion.
The scorpion is heavily wounded.
* * * LOW HITPOINT WARNING * * *
You feel very sick. The scorpion barely misses you.
The scorpion stings you but does no damage.
You completely miss the scorpion.
The scorpion is heavily wounded.
* * * LOW HITPOINT WARNING * * *
You feel very sick. The scorpion barely misses you.
You hit the scorpion.
The scorpion is severely wounded.
* * * LOW HITPOINT WARNING * * *
You feel very sick. The scorpion barely misses you.
You hit the scorpion.
You kill the scorpion!
You die...

♣♣.P ### ♣♣.P. # #..
.P≈≈#. #.# .≈≈.# #.#
#.#.##### ###.#
#.#.....## #....
######........######)#.#
......†@..##...........#
#########.###.##########
........###...#
######.{......# ##
#...##...# #. #...##.###
## ......{.# #
#.##..##### { # # #..# {
{ #


There were no monsters in sight!

Vanquished Creatures
  An ogre (D:4)
  A kobold brigand (D:4)
  A scorpion (D:5)
  2 iguanas
  A howler monkey skeleton (D:4)
  4 adders
  2 worms (D:3)
  3 dart slugs
  4 orcs
  9 bats
  7 endoplasms
  5 giant cockroaches
  7 goblins
  11 hobgoblins
  5 quokkas
  2 ball pythons
  5 frilled lizards
  10 kobolds
  5 rats
85 creatures vanquished.

Notes
Turn   | Place    | Note
-------+----------+-------------------------------------------
     0 | D:1      | mordus the Formicid Fighter began the quest for the Orb.
     0 | D:1      | Reached XP level 1. HP: 18/18 MP: 1/1
   388 | D:1      | Reached XP level 2. HP: 23/24 MP: 2/2
   451 | D:1      | Found a faded altar of an unknown god.
   675 | D:1      | Reached XP level 3. HP: 29/29 MP: 3/3
  2308 | D:3      | Reached XP level 4. HP: 18/35 MP: 4/4
  3074 | D:3      | You fall into a shaft and drop 1 floor!
  3091 | D:4      | Reached XP level 5. HP: 32/41 MP: 5/5
  3754 | D:4      | Noticed a kobold brigand
  3770 | D:4      | Killed a kobold brigand
  3771 | D:4      | Reached skill level 5 in Shields
  3771 | D:4      | Reached XP level 6. HP: 16/47 MP: 6/6
  3982 | D:4      | Noticed an ogre
  3987 | D:4      | Killed an ogre
  4314 | D:4      | Reached skill level 5 in Maces & Flails
  4545 | D:5      | Entered Level 5 of the Dungeon
  4560 | D:5      | Found Uruuqae's General Store.
  4824 | D:5      | HP: 2/47 [poisoned by a scorpion]
  4825 | D:5      | Succumbed to a scorpion's poison

Illustrated notes

Levels and vault maps discovered:
D:1:      enne_arrival_octagon_isle, layout_loops_ring,
          chequers_ecumenical_altar_simple_redux, minmay_cut_off
D:2:      layout_basic
D:3:      minmay_diamond_boxcup, layout_rooms, minmay_joined_circles
D:4:      layout_cave_pools, chequers_avenue
D:5:      layout_loops_ring, nicolae_elyvilon_peaceful_grove, marbit_many_paths,
          minmay_temple_entry_poolview, serial_shops, shop

Skill      XL: |  1  2  3  4  5  6 |
---------------+-------------------+-----
Shields        | 4 5 |  5.3
Maces & Flails | 3 4 5 |  5.0
Armour         | 4 |  4.8
Fighting       | |  3.2

Action                   |  1- 3 |  4- 6 || total
-------------------------+-------+-------++-------
Melee: Flail             |   148 |   177 ||   325
Armor: Scale mail        |    78 |    74 ||   152
Dodge: Dodged            |    71 |    71 ||   142
Block: Buckler           |    35 |    50 ||    85

Table legend: (Time is in decaauts)
 A = Elapsed time spent in this place.
 B = Non-inter-level travel time spent in this place.
 C = Inter-level travel time spent in this place.
 D = Time resting spent in this place.
 E = Time spent auto-exploring this place.
 F = Levels seen in this place.
 G = Mean time per level.
                   A        B        C        D        E       F      G
               +--------+--------+--------+--------+--------+-----+--------+
         Total |   4899 |   4832 |     67 |    983 |   3041 |   5 |  979.8 |
       Dungeon |   4899 |   4832 |     67 |    983 |   3041 |   5 |  979.8 |
               +--------+--------+--------+--------+--------+-----+--------+

Top non-repeatable levels by time:
     D:3: 1377 daAuts
     D:2: 1189 daAuts
     D:1: 1108 daAuts
     D:4: 942 daAuts
     D:5: 282 daAuts
